 Dungeon Crawl Stone Soup version 0.20-a0-77-g476458c (webtiles) character file.

140 KristoblXynda the Gusty (level 5, -5/38 HPs)
             Began as a Draconian Air Elementalist on Nov 19, 2016.
             Slain by Natasha (8 damage)
             ... on level 4 of the Dungeon.
             The game lasted 00:07:35 (3444 turns).

KristoblXynda the Gusty (DrAE)                      Turns: 3444, Time: 00:07:39

Health: -5/38      AC:  7    Str: 10    XL:     5   Next: 2%
Magic:  1/10       EV: 12    Int: 17    God:
Gold:   189        SH:  0    Dex: 11    Spells: 1 memorised, 9 levels left

rFire  . . .     SeeInvis .     f - +3 short sword (protect)
rCold  . . .     Gourm    .     (armour unavailable)
rNeg   . . .     Faith    .     (no shield)
rPois  .         Spirit   .     (helmet restricted)
rElec  .         Reflect  .     j - +0 cloak
rCorr  .         Harm     .     (no gloves)
MR     .....                    c - +0 pair of boots (curse)
Stlth  ++........               (no amulet)
                                (no ring)
                                (no ring)

@: very slightly contaminated, slowed, very slow
A: unfitting armour, cold-blooded, AC +5
a: no special abilities


You were on level 4 of the Dungeon.
You were not hungry.

You visited 1 branch of the dungeon, and saw 4 of its levels.

You collected 189 gold pieces.

Inventory:

Hand Weapons
 f - a +3 short sword of protection (weapon)
Armour
 c - a cursed +0 pair of boots (worn)
 j - a +0 cloak (worn)
Scrolls
 k - a scroll of immolation
 l - a scroll of remove curse
Potions
 e - a potion of mutation
 i - a potion of curing
Books
 a - a book of Air

   Spells                             Type                      Level
   a - Shock                          Conjuration/Air              1
   b - Swiftness                      Charms/Air                   2
   c - Repel Missiles                 Charms/Air                   2
   d - Static Discharge               Conjuration/Air              3
   e - Lightning Bolt                 Conjuration/Air              5
Comestibles
 b - 3 bread rations
 d - a chunk of flesh
 n - 2 meat rations


   Skills:
 - Level 1.7 Dodging
 - Level 1.7 Stealth
 + Level 3.3 Spellcasting
 + Level 2.4 Conjurations
 + Level 4.2 Air Magic


You had 9 spell levels left.
You knew the following spells:

 Your Spells              Type           Power        Failure   Level  Hunger
a - Shock                 Conj/Air       ##..         4%          1    None


Dungeon Overview and Level Annotations

Branches:
Dungeon (4/15)
 Temple: D:4-7

Altars:

Annotations:
D:4 Natasha


Innate Abilities, Weirdness & Mutations

Your plain brown scales are hard. (AC +5)
You cannot fit into any form of body armour.
You are cold-blooded and may be slowed by cold attacks.


Message History

The white imp hits you but does no damage.
Natasha claws you.
* * * LOW HITPOINT WARNING * * *
You feel much better.
The white imp hits you but does no damage.
The white imp hits you. The white imp freezes you.
Natasha stares at you and mumbles some strange words.
The magic dart hits you!
Casting: Shock
Confirm with . or Enter, or press ? or * to list all spells.
Aiming: Shock
Press: ? - help, Shift-Dir - straight line, f/p - Natasha
Aim: Natasha (severely wounded)
The zap hits Natasha.
Natasha is almost dead.
The white imp gestures at you. The puff of frost hits you!
* * * LOW HITPOINT WARNING * * *
The white imp completely misses you. Natasha claws you!
You die...

.......)........##
..#
.##..##.##..##..#
...# #.
#.######..##....
..#...#.........
<..#...#.........
....#...##..###..#
.....##..##..###..#
#.....##5.'.........
......h@#.........
.......5#.........
........#.>.......
....##..##.......P
...
##+##..###.ā‰ˆā‰ˆ ..
#..#


Pā‰ˆā‰ˆ . ... You could see Natasha and 2 white imps.

Vanquished Creatures
  The ghost of KristoblXynda the Skirmisher, a weakling DrMo (D:3)
  3 adders (D:3)
  3 worms
  2 dart slugs
  A leopard gecko (D:1)
  7 bats
  6 giant cockroaches
  4 hobgoblins
  7 kobolds
  6 frilled lizards
  7 goblins
  10 rats
57 creatures vanquished.

Notes
Turn   | Place    | Note
-------+----------+-------------------------------------------
     0 | D:1      | KristoblXynda the Draconian Air Elementalist began the quest for the Orb.
     0 | D:1      | Reached XP level 1. HP: 14/14 MP: 3/3
   390 | D:1      | Reached XP level 2. HP: 13/20 MP: 0/5
  1656 | D:2      | Reached XP level 3. HP: 26/26 MP: 6/6
  2470 | D:3      | Reached XP level 4. HP: 13/33 MP: 0/8
  2509 | D:3      | HP: 1/33 [poisoned by an adder]
  2956 | D:3      | Noticed KristoblXynda's ghost (weakling DrMo)
  2978 | D:3      | Killed KristoblXynda's ghost
  2978 | D:3      | Reached skill level 4 in Air Magic
  3234 | D:3      | Reached XP level 5. HP: 38/38 MP: 5/9
  3433 | D:4      | Noticed Natasha
  3444 | D:4      | Slain by Natasha

Vault maps used:
D:1:      denvon_arrival_planthouse, grunt_decor_arrowhead
D:3:      first_bread, minmay_misc_feat_chi
D:4:      abandoned_shop, corexii_checkpoint_b, serial_bayou_pond_b,
          grunt_dithmenos_smoke, uniq_natasha, uniq_eustachio, uniq_duvessa

Skill      XL: |  1  2  3  4 |
---------------+-------------+-----
Conjurations   | 2 |  2.4
Spellcasting   | 3 |  3.3
Air Magic      | 4 |  4.2
Dodging        | |  1.7
Stealth        | |  1.7

Action                   |  1- 3 |  4- 6 || total
-------------------------+-------+-------++-------
Melee: Unarmed           |    38 |       ||    38
       Tailslap          |     7 |       ||     7
       Short sword       |    67 |    24 ||    91
 Cast: Shock             |    45 |    41 ||    86
  Use: Scroll            |     8 |     2 ||    10
       Potion            |       |     2 ||     2
 Stab: Sleeping          |     2 |       ||     2
  Eat: Chunk             |     1 |     3 ||     4
       Bread ration      |     1 |       ||     1
Armor: Skin              |    36 |    16 ||    52
Dodge: Dodged            |    78 |    15 ||    93
